 Dungeon Crawl Stone Soup version 0.30.1 (webtiles) character file.

Game seed: 16131195502646018390

41 Peloso the Shield-Bearer (level 3, 33/33 HPs)
             Began as a Minotaur Fighter on July 6, 2023.
             Got out of the dungeon alive.
             The game lasted 00:01:35 (819 turns).

Peloso the Shield-Bearer (Minotaur Fighter)          Turns: 819, Time: 00:01:36

Health: 33/33      AC:  7    Str: 26    XL:     3   Next: 32%
Magic:  2/2        EV:  9    Int:  5    God:
Gold:   81         SH:  4    Dex: 11    Spells: 2/2 levels left

rFire   . . .        a - +0 long sword (heavy)
rCold   . . .        c - +0 buckler
rNeg    . . .        b - +0 scale mail
rPois   .            (helmet restricted)
rElec   .            (no cloak)
rCorr   .            (no gloves)
SInv    .            (no boots)
Will    .....        (no amulet) Stlth
                     f - +6 ring of strength
HPRegen 0.25/turn    (no ring)
MPRegen 0.08/turn

%: no passive effects
@: no status effects
A: horns 2, retaliatory headbutt, hooves 1, wild magic 1
a: no special abilities


You escaped.
You visited 1 branch of the dungeon, and saw 2 of its levels.

You collected 81 gold pieces.

Inventory:

Hand Weapons
 a - a +0 heavy long sword (weapon)
Armour
 b - a +0 scale mail (worn)
 c - a +0 buckler (worn)
Jewellery
 f - a +6 ring of strength (left hand)
Scrolls
 j - a scroll of identify {unknown}
Potions
 d - 2 potions of might
 g - a potion of ambrosia {unknown}
 h - 2 potions of flight {unknown}
 i - a potion of heal wounds {unknown}


   Skills:
 + Level 4.0 Fighting
 + Level 2.9 Long Blades
 + Level 4.2 Armour
 + Level 4.2 Shields


You had 2 spell levels left.
You didn't know any spells.
Your spell library was empty.

Dungeon Overview and Level Annotations

Branches:
Dungeon (2/15)

Altars:


Innate Abilities, Weirdness & Mutations

You have a pair of horns on your head.
You reflexively headbutt those who attack you in melee.
You have large cloven feet.
Your spells are a little harder to cast, but a little more powerful.


Message History

Your Fighting skill increases to level 4!
A frilled lizard comes into view.
Found a viscous emerald potion.
The frilled lizard hisses angrily.
You see here an adder corpse.
A frilled lizard is nearby!
A frilled lizard is nearby!
The frilled lizard bites you but does no damage.
You slash the frilled lizard!
You kill the frilled lizard!
You see here a frilled lizard corpse.
You see here an adder corpse.
You now have 81 gold pieces (gained 5).
e - a viscous emerald potion
g - a fizzy yellow potion
h - 2 metallic orange potions
Found 4 stones.
A frilled lizard comes into view.
Found a clear potion.
The frilled lizard hisses angrily.
A frilled lizard is nearby!
A frilled lizard is nearby!
You hit the frilled lizard.
You kill the frilled lizard!
i - a clear potion It was a potion of mutation.
You feel extremely strange.
Your feet thicken and deform.
You feel less in control of your magic.
(D) Dungeon
Where to? (Enter - D:12, ? - help)
What level of the Dungeon? (default 1, ? - help)
Found a stone staircase leading down.
Found an escape hatch in the ceiling.
Found a kite shield.
There is a stone staircase leading up here.
You climb upwards.
There is a stone staircase leading down here.
There is an escape hatch in the floor here.
There is a staircase leading out of the dungeon here.
Are you sure you want to leave the Dungeon?
This will make you lose the game!
You have escaped!

......# ###....##
##.##.######.......#
...##.....##.......#
.####.....##...################
.####.....####.#.............>#
..........# #.##..#..#..#..#..##
.##.......# ##.#...............#
.##.###.#.# ###...............##
.##.###.#.# #@............>...
###.......# #..............#..
#.>.....# #.................
###.##.##.######..#..#..#..#..###
...............#.............># #
###.##.....#################### #
#.##.##.## #.#.......# #
#.......# #.#.....#.# # #....#..#
#.#..#..#.########


There were no monsters in sight!

Vanquished Creatures
  An adder (D:2)
  A worm (D:2)
  7 ball pythons (D:1)
  2 bats (D:1)
  An endoplasm (D:1)
  2 giant cockroaches
  2 goblins (D:1)
  3 hobgoblins (D:1)
  2 kobolds (D:1)
  A quokka (D:1)
  3 frilled lizards
  2 rats
27 creatures vanquished.

Notes
Turn   | Place    | Note
-------+----------+-------------------------------------------
     0 | D:1      | Peloso the Minotaur Fighter began the quest for the Orb.
     0 | D:1      | Reached XP level 1. HP: 19/19 MP: 0/0
   103 | D:1      | Reached XP level 2. HP: 24/27 MP: 1/1
   658 | D:2      | Reached XP level 3. HP: 33/33 MP: 2/2
   731 | D:2      | Gained mutation: You have large cloven feet. [potion of
                  | mutation]
   731 | D:2      | Gained mutation: Your spells are a little harder to cast,
                  | but a little more powerful. [potion of mutation]
   819 | D:$      | Got out of the dungeon alive.

Illustrated notes

Levels and vault maps discovered:
D:1:      lemuel_arrival_broad_hall, layout_loops_cross
D:2:      layout_loops_ring, uniq_crazy_yiuf_cottage

Skill      XL: |  1  2  3 |
---------------+----------+-----
Shields        | 4 |  4.2
Armour         | 4 |  4.2
Fighting       | 4 |  4.0
Long Blades    | |  2.9

Action                     || total
---------------------------++-------
  Melee: Long sword        ||    46
         Headbutt          ||     7
    Use: Scroll            ||     3
         Potion            ||     2
 Armour: Scale mail        ||    15
  Dodge: Dodged            ||    24
  Block: Buckler           ||    13
